 Dungeon Crawl Stone Soup version 0.19-a0-1005-gf5a4b3b (webtiles) character file.

1799 TheGoonsmith the Destroyer (level 8, -10/41 HPs)
             Began as a Deep Elf Fire Elementalist on July 18, 2016.
             Was a Follower of Vehumet.
             Shot with a sling bullet by Joseph (14 damage)
             ... on level 7 of the Dungeon.
             The game lasted 00:08:27 (6140 turns).

TheGoonsmith the Destroyer (DEFE)                   Turns: 6140, Time: 00:08:28

Health: -10/41     AC:  6    Str:  5    XL:     8   Next: 83%
Magic:  19/21      EV: 13    Int: 22    God:    Vehumet [*.....]
Gold:   240        SH:  0    Dex: 16    Spells: 3 memorised, 14 levels left

rFire  . . .     SeeInvis +     l - +0 short sword
rCold  . . .     Gourm    .     a - +0 robe
rNeg   . . .     Faith    .     (no shield)
rPois  .         Spirit   .     E - +1 helmet
rElec  .         Dismiss  .     k - +0 cloak
rCorr  .         Reflect  .     (no gloves)
SustAt .         Harm     .     m - +0 pair of boots
MR     .....                    (no amulet)
Stlth  +++.......               r - ring of see invisible
                                g - ring of stealth

@: not resistant to hostile enchantments, fairly stealthy
A: no striking features
a: Renounce Religion


You were on level 7 of the Dungeon.
You worshipped Vehumet.
Vehumet was aware of your devotion.
You were hungry.

You visited 2 branches of the dungeon, and saw 9 of its levels.

You collected 240 gold pieces.

Inventory:

Hand Weapons
 l - a +0 short sword (weapon)
Armour
 a - a +0 robe (worn)
 k - a +0 cloak (worn)
 m - a +0 pair of boots (worn)
 E - a +1 helmet (worn)
Jewellery
 g - a ring of stealth (left hand)
 r - a ring of see invisible (right hand)
Wands
 h - a wand of flame (15/48)
 s - a wand of slowing (34/48)
Scrolls
 f - 8 scrolls of identify
 o - 2 scrolls of fear
 q - a scroll of recharging
 y - a scroll of random uselessness {unknown}
 z - 2 scrolls of remove curse
 C - a scroll of teleportation
 D - a scroll of fog
Potions
 d - 2 potions of haste
 e - a potion of magic
 i - a potion of flight
 t - 3 potions of curing
 v - a potion of berserk rage
 A - a potion of resistance
 B - a potion of agility
Books
 b - a book of Flames

   Spells                             Type                      Level
   a - Flame Tongue                   Conjuration/Fire             1
   b - Throw Flame                    Conjuration/Fire             2
   c - Conjure Flame                  Conjuration/Fire             3
   d - Inner Flame                    Hexes/Fire                   3
   e - Sticky Flame                   Conjuration/Fire             4
   f - Fireball                       Conjuration/Fire             5
Comestibles
 c - 4 bread rations
 n - a beef jerky
 u - a meat ration
 w - 2 royal jellies
 x - 3 slices of pizza


   Skills:
 - Level 2.4 Dodging
 - Level 2.4 Stealth
 + Level 7.8 Spellcasting
 * Level 9.1 Conjurations
 + Level 7.0 Fire Magic


You had 14 spell levels left.
You knew the following spells:

 Your Spells              Type           Power        Failure   Level  Hunger
a - Flame Tongue          Conj/Fire      #####        1%          1    None
c - Conjure Flame         Conj/Fire      #####...     1%          3    None
s - Sticky Flame          Conj/Fire      #####...     2%          4    ###....


Dungeon Overview and Level Annotations

Branches:
Dungeon (8/15)             Temple (1/1) D:5
   Lair: D:8-11

Altars:
Ashenzari
Cheibriados
Dithmenos
Elyvilon
Fedhas
Gozag
Hepliaklqana
Kikubaaqudgha
Nemelex Xobeh
Okawaru
Pakellas
Qazlal
Ru
Sif Muna
Trog
Uskayaw
Vehumet
Yredelemnul
Zin
The Shining One

Annotations:
D:2 Sigmund
D:6 exclusion: oklob plant
D:7 Joseph


Message History

The flame tongue hits Joseph.
Joseph is lightly wounded.
Casting: Flame Tongue
Confirm with . or Enter, or press ? or * to list all spells.
Okay, then.
Casting: Flame Tongue
Confirm with . or Enter, or press ? or * to list all spells.
Aiming: Flame Tongue
Press: ? - help, Shift-Dir - straight line, f/p - Joseph
Aim: Joseph, wielding a hunting sling and wearing a runed ring mail (lightly wounded)
The flame tongue hits Joseph.
Joseph is lightly wounded.
Joseph shoots a sling bullet.
The sling bullet hits you!
* * * LOW HITPOINT WARNING * * *
Joseph says, "I'm happy to see you. And I'll be happy to kill you."
Joseph shoots a sling bullet.
The sling bullet hits you.
* * * LOW HITPOINT WARNING * * *
You see here a sling bullet.
Joseph shoots a sling bullet.
The sling bullet hits you!
You die...

########..#.## ###
#................
#.......#.#####@#
#.####<.#.# #.# #.#
#..#.# #.# #.#
#..#.# #.# ##.##
#..#.# #(#
##...###..#.#####(#
................@.#
##...############.#
##.##### #.#
#..)..# #.# #####.#
#.#
#######.#########.#
..................#
#######.#########.#
#####...#


You could see Joseph.

Vanquished Creatures
  Eustachio (D:5)
  The ghost of plsesad the Covered, an amateur FoFi (D:3)
  A sky beast (D:6)
  An ice beast (D:6)
  A necrophage (D:6)
  3 ogres (D:4)
  A phantom (D:4)
  A centaur (D:6)
  3 giant frogs
  A giant frog zombie (D:7)
  A centaur skeleton (D:4)
  A quasit (D:5)
  2 giant frog skeletons
  3 orc priests
  An iguana (D:5)
  7 orc wizards
  A worker ant (D:4)
  6 adders
  2 shadow imps
  An ooze (D:2)
  A worm (D:4)
  2 dart slugs (D:1)
  A giant gecko (D:3)
  23 orcs
  A ball python (D:1)
  3 giant cockroaches
  3 goblins
  A hobgoblin (D:1)
  8 jackals
  A quokka (D:3)
  6 bats
  A giant gecko skeleton (D:4)
  2 giant newts (D:1)
  2 jackal skeletons
  6 kobolds
  4 rats
104 creatures vanquished.

Vanquished Creatures (others)
  An elf (D:2)
1 creature vanquished.

Grand Total: 105 creatures vanquished

Notes
Turn   | Place    | Note
-------+----------+-------------------------------------------
     0 | D:1      | TheGoonsmith the Deep Elf Fire Elementalist began the quest for the Orb.
     0 | D:1      | Reached XP level 1. HP: 10/10 MP: 6/6
   488 | D:1      | Reached XP level 2. HP: 6/15 MP: 1/8
   709 | D:1      | Reached skill level 2 in Conjurations
  1201 | D:2      | Reached XP level 3. HP: 19/19 MP: 5/9
  1239 | D:2      | Found an oddly glowing altar of Pakellas.
  1239 | D:2      | Noticed an elf
  1245 | D:2      | Killed an elf
  1366 | D:2      | Noticed Sigmund
  1625 | D:3      | Found a glowing silver altar of Zin.
  1636 | D:3      | Reached skill level 3 in Conjurations
  1957 | D:3      | Found a sparkling altar of Nemelex Xobeh.
  2046 | D:3      | Found a deep blue altar of Sif Muna.
  2065 | D:3      | Reached XP level 4. HP: 9/24 MP: 0/11
  2622 | D:3      | Reached skill level 4 in Conjurations
  2722 | D:3      | Found a faded altar of an unknown god.
  2739 | D:3      | Reached XP level 5. HP: 21/28 MP: 5/12
  2825 | D:3      | Found a sparkling altar of Nemelex Xobeh.
  2825 | D:3      | Noticed plsesad's ghost (amateur FoFi)
  2842 | D:3      | Learned a level 4 spell: Sticky Flame
  2846 | D:3      | Learned a level 3 spell: Conjure Flame
  2864 | D:3      | Killed plsesad's ghost
  2864 | D:3      | Reached skill level 5 in Conjurations
  2864 | D:3      | Reached XP level 6. HP: 15/32 MP: 0/14
  3352 | D:4      | Reached skill level 5 in Spellcasting
  3481 | D:4      | Reached skill level 5 in Fire Magic
  3604 | D:4      | Reached skill level 6 in Conjurations
  3604 | D:4      | Reached XP level 7. HP: 32/36 MP: 10/17
  4207 | D:4      | Found a basalt altar of Yredelemnul.
  4255 | D:5      | Entered Level 5 of the Dungeon
  4326 | D:5      | Found an ancient bone altar of Kikubaaqudgha.
  4354 | D:5      | Found a staircase to the Ecumenical Temple.
  4355 | D:5      | Noticed Eustachio
  4361 | D:5      | Killed Eustachio
  4361 | D:5      | Reached skill level 7 in Conjurations
  4407 | Temple   | Entered the Ecumenical Temple
  4594 | Temple   | Became a worshipper of Vehumet
  4804 | D:5      | Reached XP level 8. HP: 35/41 MP: 8/19
  5172 | D:6      | Reached skill level 8 in Conjurations
  5273 | D:6      | Found a snail-covered altar of Cheibriados.
  5274 | D:6      | Noticed an oklob plant
  5490 | D:6      | Found a white marble altar of Elyvilon.
  5567 | D:6      | Found a glowing golden altar of the Shining One.
  5662 | D:6      | Found a shattered altar of Ashenzari.
  5698 | D:6      | Found a snail-covered altar of Cheibriados.
  5708 | D:6      | Found a sacrificial altar of Ru.
  5773 | D:7      | Reached * piety under Vehumet
  5773 | D:7      | Offered knowledge of Shock by Vehumet.
  5893 | D:7      | Reached skill level 9 in Conjurations
  6135 | D:7      | Noticed Joseph
  6140 | D:7      | Shot with a sling bullet by Joseph

Vault maps used:
D:1:      roderic_chinese_lattice_arrival, minivault_26
D:2:      gammafunk_pakellas_its_alive, xom_butterflies, uniq_sigmund
D:3:      lemuel_doored_altar, led_sif_book, lemuel_round_altar,
          ecumenical_altar_2, serial_park_tiny_1, corexii_shack,
          nemelex_lonely_heart_becter
D:4:      lemuel_coloured_pillars_altar
D:5:      first_bread, basic_altar, uniq_eustachio
D:6:      kennysheep_mini, nicolae_overflow_quartered_altars,
          hangedman_abyss_or_decor_stabs, lemuel_oklob_altar
D:7:      roderic_digamma_sauvastika, uniq_joseph, uniq_pikel
D:8:      nicolae_ossuary_entry_giza
Temple:   jpeg_temple_alley_garden

Skill      XL: |  1  2  3  4  5  6  7  8 |
---------------+-------------------------+-----
Conjurations   | 2 3 4 5 6 7 9 |  9.1
Fire Magic     | 4 5 7 |  7.0
Spellcasting   | 4 5 6 7 |  7.8
Dodging        | |  2.4
Stealth        | |  2.4

Action                   |  1- 3 |  4- 6 |  7- 9 || total
-------------------------+-------+-------+-------++-------
Melee: Short sword       |     1 |       |    35 ||    36
 Cast: Flame Tongue      |    56 |    79 |   146 ||   281
       Conjure Flame     |       |     1 |     1 ||     2
       Sticky Flame      |       |       |     6 ||     6
  Use: Potion            |     3 |     2 |       ||     5
       Scroll            |       |       |    11 ||    11
 Stab: Sleeping          |       |       |     1 ||     1
  Eat: Chunk             |     3 |     5 |     8 ||    16
Armor: Robe              |     5 |     1 |    26 ||    32
Dodge: Dodged            |    10 |    12 |    78 ||   100
